 Dungeon Crawl Stone Soup version 0.27-a0-1347-gd8886f0a89 (webtiles) character file.

Game seed: 2135331124326195077

30584 funkygono the Stormcaller (level 13, -5/68 HPs)
             Began as a Tengu Air Elementalist on June 27, 2021.
             Was an Elder of Vehumet.
             Slain by a six-headed hydra (10 damage)
             ... on level 4 of the Lair of Beasts.
             The game lasted 00:52:13 (22004 turns).

funkygono the Stormcaller (Tengu Air Elementalist) Turns: 22004, Time: 00:52:14

Health: -5/68      AC: 11    Str: 12    XL:     13   Next: 52%
Magic:  19/31      EV: 16    Int: 20    God:    Vehumet [****..]
Gold:   1041       SH:  0    Dex: 15    Spells: 18/38 levels left

rFire    + . .     SeeInvis .   A - +7 whip (elec)
rCold    x . .     Faith    .   (no shield)
rNeg     + . .     Spirit   .   D - +3 leather armour
rPois    .         Reflect  .   G - +2 hat {Will+}
rElec    +         Harm     .   x - +0 cloak
rCorr    .         Rampage  .   c - +1 pair of gloves
Will     ++...                  (boots unavailable)
Stlth    +++.......             j - amulet "Hoonim" {Acrobat rC- Regen+ Str+3}
HPRegen  1.21/turn              z - ring "Doufefie" {rElec rN+ Will+ Stlth+}
MPRegen  0.22/turn              r - ring "Dentien" {Wiz rF+}

@: flying quickly and evasively, quick
A: beak, talons 3, nimble flight
a: Renounce Religion


You were on level 4 of the Lair of Beasts.
You worshipped Vehumet.
Vehumet was greatly pleased with you.
You visited 3 branches of the dungeon, and saw 16 of its levels.
You also visited: Sewer.

You collected 1041 gold pieces.

Inventory:

Hand Weapons
 A - a +7 whip of electrocution (weapon)
Armour
 c - a +1 pair of gloves (worn)
 d - a +2 robe of positive energy
 q - the +3 chain mail of Noon {rF++}
   (You found it on level 3 of the Lair of Beasts)

   rF:        It greatly protects you from fire.
 x - a +0 cloak (worn)
 D - a +3 leather armour (worn)
 G - a +2 hat of willpower (worn)
Magical Staves
 k - a staff of cold
Jewellery
 a - a +6 ring of intelligence
 b - an amulet of magic regeneration
 f - a ring of protection from cold
 j - the amulet "Hoonim" (around neck) {Acrobat rC- Regen+ Str+3}
   (You acquired it on level 3 of the Dungeon)

   [amulet of the acrobat]

   It increases your evasion while moving and waiting.Str: It affects your
   strength (+3).
   rC:        It makes you vulnerable to cold.
   Regen:     It increases your rate of health regeneration.
 o - a ring of resist corrosion
 r - the ring "Dentien" (right hand) {Wiz rF+}
   (You found it on level 7 of the Dungeon)

   [ring of wizardry]

   It improves your spell success rate.rF: It protects you from fire.
 z - the ring "Doufefie" (left hand) {rElec rN+ Will+ Stlth+}
   (You took it off a goblin on level 4 of the Dungeon)

   [ring of positive energy]

   rElec:     It insulates you from electricity.
   rN:        It protects you from negative energy.
   Will:      It increases your willpower.
   Stlth:     It makes you more stealthy.
 K - a +4 ring of protection
Wands
 p - a wand of flame (58)
 v - a wand of iceblast (16)
Scrolls
 n - 3 scrolls of blinking
 s - 10 scrolls of teleportation
 y - 2 scrolls of magic mapping
 H - 3 scrolls of amnesia
Potions
 e - a potion of haste
 g - a potion of lignification
 h - a potion of invisibility
 i - 2 potions of mutation
 l - a potion of berserk rage {unknown}
 m - 4 potions of heal wounds
 t - 2 potions of brilliance
 u - a potion of resistance {unknown}
 C - 2 potions of curing


   Skills:
 + Level 2.9 Fighting
 + Level 0.9 Short Blades
 + Level 4.8 Maces & Flails
 + Level 3.7 Armour
 + Level 4.8 Dodging
 - Level 2.0 Stealth
 + Level 13.0 Spellcasting
 + Level 10.1 Conjurations
 + Level 17.2 Air Magic


You had 18 spell levels left.
You knew the following spells:

 Your Spells              Type           Power      Damage    Failure   Level
a - Shock                 Conj/Air       100%       1d9       0%          1
b - Static Discharge      Conj/Air       61%        N/A       1%          2
c - Swiftness             Air            70%        N/A       0%          3
d - Airstrike             Air            35%        N/A       1%          4
e - Lightning Bolt        Conj/Air       30%        1d47      1%          5
f - Freeze                Ice            52%        1d7       1%          1
g - Iskenderun's Mystic   Conj/Tloc      33%        2d8       1%          4

Your spell library contained the following spells:

 Spells                   Type           Power      Damage    Failure   Level
 Iskenderun's Battlesphe  Conj           52%        2d10      1%          5
 Animate Skeleton         Necr           26%        N/A       2%          1
 Corona                   Hex            14%        N/A       2%          1
 Pain                     Necr           52%        1d6       2%          1
 Inner Flame              Hex/Fire       13%        N/A       2%          3
 Slow                     Hex            13%        N/A       4%          2
 Portal Projectile        Hex/Tloc       26%        N/A       8%          3
 Vampiric Draining        Necr           6%         2d6       8%          3
 Animate Dead             Necr           6%         N/A       26%         4
 Cause Fear               Hex            6%         N/A       26%         4
 Leda's Liquefaction      Hex/Erth       6%         N/A       26%         4
 Agony                    Necr           13%        N/A       54%         5


Dungeon Overview and Level Annotations

Branches:
Dungeon (11/15)            Temple (1/1) D:6            Lair (4/6) D:11
  Swamp (0/4) Lair:3        Snake (0/4) Lair:2          Orc (0/2) D:11
  Sewer (visited)

Altars:
Ashenzari
Cheibriados
Dithmenos
Elyvilon
Fedhas
Hepliaklqana
Kikubaaqudgha
Makhleb
Nemelex Xobeh
Okawaru
Qazlal
Ru
Trog
Uskayaw
Vehumet
Wu Jian
Yredelemnul
Zin
The Shining One

Shops:
D:10 [

Annotations:
D:7 1 runed translucent door, Erica; sn0wgr3's ghost, novice GrFi
D:11 1 runed translucent door, Arzdou's ghost, journeyman MiBe
Lair:2 2 runed translucent doors, Nodgh's ghost, journeyman OpGl


Innate Abilities, Weirdness & Mutations

You have a beak for a mouth.
You have claws for feet.
Your magical nature lets you fly swiftly and evasively.


Message History

The six-headed hydra bites you!
There is a stone staircase leading up here.
Casting: Lightning Bolt (safe; 1% risk of failure)
Confirm with . or Enter, or press ? or * to list all spells.
Aiming: Airstrike (safe; 1% risk of failure)
Press: ? - help, Dir - move target, f - six-headed hydra
Aim: a six-headed hydra The air twists around and strikes the six-headed hydra!!
The six-headed hydra is moderately wounded.
The six-headed hydra bites you but does no damage.
The six-headed hydra bites you! The six-headed hydra bites you.
The six-headed hydra bites you but does no damage.
The six-headed hydra barely misses you. The six-headed hydra bites you.
Casting: Airstrike (safe; 1% risk of failure)
Confirm with . or Enter, or press ? or * to list all spells.
Aiming: Airstrike (safe; 1% risk of failure)
Press: ? - help, Dir - move target, f/p - six-headed hydra
Aim: a six-headed hydra (moderately wounded)
The air twists around and strikes the six-headed hydra!!
The six-headed hydra is heavily wounded.
The six-headed hydra completely misses you.
The six-headed hydra bites you!
* * * LOW HITPOINT WARNING * * *
The six-headed hydra bites you.
* * * LOW HITPOINT WARNING * * *
The six-headed hydra bites you but does no damage.
The six-headed hydra bites you!
* * * LOW HITPOINT WARNING * * *
The six-headed hydra bites you but does no damage.
Casting: Airstrike (safe; 1% risk of failure)
Confirm with . or Enter, or press ? or * to list all spells.
Aiming: Airstrike (safe; 1% risk of failure)
Press: ? - help, Dir - move target, f/p - six-headed hydra
Aim: a six-headed hydra (heavily wounded)
The air twists around and strikes the six-headed hydra!!
The six-headed hydra is almost dead.
The six-headed hydra bites you.
* * * LOW HITPOINT WARNING * * *
The six-headed hydra bites you!
You die...

**##....................,,,,,,
****...........##.........#*,,,,,
*,,,..##......####P.......#***,,,
,,,,###........P###.......#**,,,,
,,,** #P.....[...#...†.....,*,,,,
,,** ##........#.#.......#*,*,,,
*,* #..........###......#***,,>
*** ##.......D<##*#.....#**,,,,
#........@.# *#...##*,,,,,
#.........## *#.##*,,,,,,
#.##...#### *##*,,,,,,, ##*###.#*
*,,*,,,, #..* *,**,**, ##**
********


You could see a six-headed hydra.

Vanquished Creatures
  Gastronok (D:8)
  A centaur warrior (D:9)
  4 hydras
  2 two-headed ogres
  A fire crab (Lair:3)
  2 oklob plants (Lair:3)
  A manticore (D:11)
  3 black mambas
  A torpor snail (Lair:4)
  A gargoyle (D:10)
  8 cane toads
  A rime drake (Lair:2)
  5 komodo dragons
  2 kobold demonologists
  2 trolls
  6 polar bears
  A dream sheep (Lair:2)
  Grinder (D:4)
  5 blink frogs (Lair:2)
  2 shadows (D:11)
  2 wraiths
  A vampire (D:11)
  Eustachio (D:6)
  2 basilisks (Lair:4)
  7 wyverns
  34 yaks
  Grum (D:9)
  8 water moccasins
  4 sky beasts
  3 orc warriors
  A necrophage (D:5)
  3 ogres
  3 black bears
  4 boggarts (Lair:4)
  3 wolves
  2 centaurs
  5 kobold brigands
  Blork the orc (D:6)
  13 bullfrogs
  2 scorpions
  2 water moccasin zombies
  A howler monkey (D:6)
  5 wights (D:7)
  An electric eel (Lair:1)
  5 centaur zombies
  A quasit (Sewer)
  Crazy Yiuf (D:3)
  3 gnoll shamans
  5 hounds
  6 orc priests
  A centaur skeleton (D:6)
  An iguana (D:6)
  4 orc wizards
  Natasha (thrice) (D:3)
  A killer bee zombie (D:7)
  A hound skeleton (D:4)
  20 gnolls
  2 howler monkey skeletons
  7 adders
  6 shadow imps
  A white imp (D:8)
  7 ufetubi
  An adder zombie (Sewer)
  4 worms
  3 dart slugs
  27 orcs
  13 ball pythons
  5 bats
  9 endoplasms
  9 giant cockroaches
  7 goblins
  4 hobgoblins
  7 jackals
  5 quokkas
  2 frilled lizards
  37 kobolds
  A quokka skeleton (D:4)
  7 rats
375 creatures vanquished.

Vanquished Creatures (others)
  An adder zombie (Sewer)
  A bush (Lair:4)
  45 fungi
  56 plants
  16 toadstools
119 creatures vanquished.

Grand Total: 494 creatures vanquished

Notes
Turn   | Place    | Note
-------+----------+-------------------------------------------
     0 | D:1      | funkygono the Tengu Air Elementalist began the quest for
                  | the Orb.
     0 | D:1      | Reached XP level 1. HP: 10/10 MP: 4/4
   250 | D:1      | Reached XP level 2. HP: 15/15 MP: 1/6
   314 | D:1      | Learned a level 2 spell: Static Discharge
   679 | D:1      | Reached XP level 3. HP: 19/19 MP: 2/7
   739 | D:1      | Learned a level 3 spell: Swiftness
   930 | D:1      | Found a faded altar of an unknown god.
  1210 | D:2      | Found a sacrificial altar of Ru.
  1338 | D:2      | Reached skill level 5 in Air Magic
  1949 | D:3      | Reached XP level 4. HP: 24/24 MP: 6/9
  2326 | D:3      | Noticed Natasha
  2334 | D:3      | Killed Natasha
  2335 | D:3      | Reached skill level 6 in Air Magic
  2335 | D:3      | Gained mutation: Your magical nature lets you fly swiftly
                  | and evasively. [Tengu growth]
  2335 | D:3      | Reached XP level 5. HP: 24/28 MP: 0/10
  2460 | D:3      | Found a runed translucent door.
  2461 | D:3      | Noticed Crazy Yiuf
  2548 | D:3      | Noticed Natasha
  2556 | D:3      | Killed Natasha
  2766 | D:3      | Noticed Natasha
  2769 | D:3      | Killed Natasha
  3409 | D:3      | Killed Crazy Yiuf
  3410 | D:3      | Reached XP level 6. HP: 3/32 MP: 4/12
  3693 | D:3      | Identified a scroll of acquirement
  3693 | D:3      | Acquired the amulet "Hoonim" {Acrobat rC- Regen+ Str+3}
  3705 | D:3      | Learned a level 4 spell: Airstrike
  3805 | D:4      | Reached skill level 7 in Air Magic
  4025 | D:4      | Noticed Grinder
  4026 | D:4      | Paralysed by Grinder for 6 turns
  4046 | D:4      | Paralysed by Grinder for 7 turns
  4057 | D:4      | Paralysed by Grinder for 3 turns
  4060 | D:4      | Killed Grinder
  4061 | D:4      | Reached XP level 7. HP: 6/37 MP: 1/13
  4290 | D:4      | Found a glowing drain.
  4295 | D:4      | Identified the ring "Doufefie" {rElec rN+ Will+ Stlth+}
  4365 | Sewer    | Entered a sewer
  4565 | Sewer    | Reached skill level 8 in Air Magic
  4773 | Sewer    | Found a burning altar of Makhleb.
  4953 | Sewer    | Reached skill level 5 in Conjurations
  4953 | Sewer    | Reached XP level 8. HP: 42/42 MP: 6/15
  5391 | D:4      | Reached skill level 5 in Spellcasting
  5457 | D:4      | Reached skill level 9 in Air Magic
  6098 | D:4      | Learned a level 5 spell: Lightning Bolt
  6129 | D:5      | Entered Level 5 of the Dungeon
  6563 | D:5      | Reached skill level 1 in Maces & Flails
  7373 | D:6      | Reached skill level 1 in Fighting
  7373 | D:6      | Reached skill level 1 in Armour
  7411 | D:6      | Noticed a yak
  7412 | D:6      | Noticed a yak
  7414 | D:6      | Noticed a yak
  7439 | D:5      | Killed a yak
  7440 | D:5      | Reached skill level 10 in Air Magic
  7440 | D:5      | Reached XP level 9. HP: 18/47 MP: 2/19
  8045 | D:6      | Found a staircase to the Ecumenical Temple.
  8054 | Temple   | Entered the Ecumenical Temple
  8062 | Temple   | Became a worshipper of Vehumet
  8254 | D:6      | Noticed Eustachio
  8414 | D:6      | Killed Eustachio
  8594 | D:6      | Noticed Blork the orc
  8598 | D:6      | Killed Blork the orc
  9302 | D:7      | Reached skill level 11 in Air Magic
  9619 | D:7      | Reached * piety under Vehumet
  9619 | D:7      | Offered knowledge of Freeze by Vehumet.
  9764 | D:7      | Reached XP level 10. HP: 52/52 MP: 13/22
 10187 | D:7      | Identified the ring "Dentien" {Wiz rF+}
 10424 | D:7      | Found a runed translucent door.
 10424 | D:7      | Noticed sn0wgr3's ghost (novice GrFi)
 10712 | D:7      | Learned a level 1 spell: Freeze
 10741 | D:8      | Reached skill level 12 in Air Magic
 10827 | D:8      | Noticed a two-headed ogre
 10852 | D:8      | Killed a two-headed ogre
 11286 | D:8      | Noticed Gastronok
 11474 | D:8      | Noticed Erica
 11617 | D:8      | HP: 2/52 [something (10)]
 11851 | D:8      | Killed Gastronok
 11852 | D:8      | Reached skill level 13 in Air Magic
 12045 | D:8      | Found an ancient bone altar of Kikubaaqudgha.
 12045 | D:8      | Found a sacrificial altar of Ru.
 12046 | D:8      | Found an iron altar of Okawaru.
 12047 | D:8      | Found a sparkling altar of Nemelex Xobeh.
 12048 | D:8      | Found a snail-covered altar of Cheibriados.
 12049 | D:8      | Found a white marble altar of Elyvilon.
 12296 | D:9      | Noticed a centaur warrior
 12301 | D:9      | Killed a centaur warrior
 12302 | D:9      | Reached XP level 11. HP: 34/57 MP: 8/25
 12504 | D:9      | Noticed Grum
 12646 | D:9      | Killed Grum
 13450 | D:10     | Entered Level 10 of the Dungeon
 13579 | D:10     | Reached skill level 14 in Air Magic
 13674 | D:10     | Noticed a four-headed hydra
 13678 | D:10     | Killed a four-headed hydra
 13848 | D:10     | Noticed a two-headed ogre
 13852 | D:10     | Killed a two-headed ogre
 13853 | D:10     | Reached skill level 10 in Spellcasting
 13967 | D:10     | Offered knowledge of Magic Dart by Vehumet.
 14121 | D:10     | Found Jiste's Armour Shoppe.
 14208 | D:10     | Reached ** piety under Vehumet
 15205 | D:11     | Noticed a manticore
 15210 | D:11     | Killed a manticore
 15338 | D:11     | Reached XP level 12. HP: 35/64 MP: 24/27
 15352 | D:11     | Noticed a seven-headed hydra
 15357 | D:11     | Killed a seven-headed hydra
 15358 | D:11     | Reached skill level 15 in Air Magic
 15707 | D:11     | Found a staircase to the Lair.
 15769 | D:11     | Offered knowledge of Searing Ray by Vehumet.
 15840 | D:11     | Found a runed translucent door.
 15857 | D:11     | Found a staircase to the Orcish Mines.
 15948 | D:11     | Noticed Arzdou's ghost (journeyman MiBe)
 15948 | D:11     | Identified the +11 trident "Atimurph" {freeze, Will- Str+3
                  | SInv}
 16127 | Lair:1   | Entered Level 1 of the Lair of Beasts
 16945 | Lair:1   | Noticed a four-headed hydra
 16951 | Lair:1   | Killed a four-headed hydra
 17494 | Lair:2   | Reached *** piety under Vehumet
 17972 | Lair:2   | Reached skill level 16 in Air Magic
 18073 | Lair:2   | Offered knowledge of Iskenderun's Mystic Blast by Vehumet.
 18276 | Lair:2   | Found a staircase to the Snake Pit.
 18417 | Lair:2   | You are sucked into a shaft and drop 2 floors!
 18518 | Lair:3   | Learned a level 4 spell: Iskenderun's Mystic Blast
 18738 | Lair:2   | Noticed a dire elephant
 18738 | Lair:2   | Noticed a catoblepas
 18763 | Lair:2   | Found a runed translucent door.
 18953 | Lair:2   | Found a runed translucent door.
 18992 | Lair:2   | Noticed Nodgh's ghost (journeyman OpGl)
 19518 | Lair:3   | Found a staircase to the Swamp.
 19527 | Lair:3   | Reached XP level 13. HP: 68/68 MP: 17/30
 19946 | Lair:3   | Found a blossoming altar of Fedhas.
 20196 | Lair:3   | Identified the +3 chain mail of Noon {rF++}
 20444 | Lair:3   | Reached **** piety under Vehumet
 21217 | Lair:4   | Reached skill level 17 in Air Magic
 21391 | Lair:4   | Offered knowledge of Iskenderun's Battlesphere by Vehumet.
 21543 | Lair:4   | Reached skill level 10 in Conjurations
 22004 | Lair:4   | Slain by a six-headed hydra

Illustrated notes

Levels and vault maps discovered:
D:1:      nagdon_arrival_double_spiral, layout_loops_ring,
          ebering_ecumenical_altar_mist
D:2:      layout_rooms, basic_altar
D:3:      layout_basic, minmay_snake_closets, uniq_natasha,
          uniq_crazy_yiuf_cottage
D:4:      minmay_razor_zed, layout_basic, cheibrodos_sewer_entry_drain,
          serial_park_tiny_1, solitary_fountain, uniq_grinder
D:5:      layout_gridville, cheibrodos_gnoll_hut
D:6:      layout_rooms, minmay_temple_entry_stoned_glass, uniq_eustachio,
          uniq_blork_the_orc
D:7:      layout_basic, gammafunk_ghost_grave, hangedman_abyss_or_decor_stagger
D:8:      layout_rooms, grunt_temple_overflow_open, uniq_gastronok, uniq_erica
D:9:      layout_rooms, uniq_grum
D:10:     layout_irregular_city, serial_shops, shop
D:11:     layout_rooms, grunt_lair_entry_orc_guard_hut, orc_0_dummy,
          ebering_ghost_funeral_grove
Temple:   nicolae_temple_x_marks_the_god
Lair:1:   layout_cave_pods, minivault_25, grunt_megastairs_1,
          serial_bayou_shore_a
Lair:2:   gammafunk_lair_enchanted_lake, layout_cave_pods, dummy_snake_entry,
          ebering_ghost_inner_flame, hibernation_bobbens
Lair:3:   layout_long_grid, swamp_mist, hangedman_tree_tricks,
          cheibrodos_lair_lostbears
Lair:4:   layout_cave_pods, gauntlet_entry_generic, kilobyte_rumbling_trees

Skill      XL: |  1  2  3  4  5  6  7  8  9 10 11 12 13 |
---------------+----------------------------------------+-----
Conjurations   | 2 3 5 6 7 8 9 10 | 10.1
Air Magic      | 5 6 7 8 10 11 13 14 16 17 | 17.2
Spellcasting   | 3 4 6 7 9 10 12 13 | 13.0
Dodging        | 3 4 |  4.8
Maces & Flails | 1 2 3 4 |  4.8
Fighting       | 1 2 |  2.9
Armour         | 1 2 3 |  3.7
Short Blades   | |  0.9
Stealth        | |  2.0

Action                   |  1- 3 |  4- 6 |  7- 9 | 10-12 | 13-15 || total
-------------------------+-------+-------+-------+-------+-------++-------
Melee: Club              |     3 |       |       |       |       ||     3
       Peck              |     2 |     2 |     4 |    29 |    13 ||    50
       Short sword       |     8 |    20 |       |       |       ||    28
       Kick              |     3 |     5 |     9 |    31 |    15 ||    63
       Unarmed           |       |     3 |       |       |       ||     3
       Whip              |       |       |    47 |   108 |    67 ||   222
 Cast: Shock             |    81 |    79 |   241 |   176 |    28 ||   605
       Static Discharge  |       |    11 |     7 |     7 |     1 ||    26
       Airstrike         |       |       |    40 |   155 |    29 ||   224
       Lightning Bolt    |       |       |     3 |    54 |    59 ||   116
       Swiftness         |       |       |     2 |       |       ||     2
  Use: Scroll            |     5 |     2 |     9 |    11 |     2 ||    29
       Potion            |       |       |       |     3 |     1 ||     4
Armor: Robe              |     1 |     3 |     4 |       |       ||     8
       Leather armour    |       |       |    19 |    62 |    26 ||   107
Dodge: Dodged            |     6 |    25 |   109 |   139 |    56 ||   335

Table legend: (Time is in decaauts)
 A = Elapsed time spent in this place.
 B = Non-inter-level travel time spent in this place.
 C = Inter-level travel time spent in this place.
 D = Time resting spent in this place.
 E = Time spent auto-exploring this place.
 F = Levels seen in this place.
 G = Mean time per level.
                   A        B        C        D        E       F      G
               +--------+--------+--------+--------+--------+-----+--------+
         Total |  21086 |  20627 |    459 |   1710 |  15818 |  17 | 1240.4 |
       Dungeon |  14748 |  14394 |    354 |   1321 |  11038 |  11 | 1340.7 |
        Temple |     13 |      8 |      5 |      0 |      0 |   1 |   13.0 |
          Lair |   5582 |   5483 |     99 |    360 |   4221 |   4 | 1395.5 |
         Sewer |    742 |    742 |      0 |     29 |    557 |   1 |  742.0 |
               +--------+--------+--------+--------+--------+-----+--------+

Top non-repeatable levels by time:
     D:7: 2056 daAuts
  Lair:3: 1987 daAuts
     D:3: 1919 daAuts
     D:5: 1862 daAuts
     D:4: 1547 daAuts
  Lair:2: 1540 daAuts
    D:10: 1527 daAuts
     D:8: 1332 daAuts
  Lair:1: 1277 daAuts
     D:1: 1102 daAuts
    D:11: 1019 daAuts
     D:6: 930 daAuts
     D:9: 819 daAuts
  Lair:4: 776 daAuts
   Sewer: 742 daAuts
